 Dungeon Crawl Stone Soup version 0.20-a0-795-ga03948b (webtiles) character file.

16664 M4edhros the Covert (level 12, -15/77 HPs)
             Began as an Octopode Artificer on Mar 1, 2017.
             Was an Initiate of Gozag.
             Hit by a large rock thrown by a stone giant (42 damage)
             ... on level 1 of the Orcish Mines.
             The game lasted 00:39:45 (15831 turns).

M4edhros the Covert (Octopode Artificer)           Turns: 15831, Time: 00:39:46

Health: -15/77     AC:  1    Str: 11    XL:     12   Next: 39%
Magic:  22/22      EV: 17    Int: 14    God:    Gozag
Gold:   861        SH: 11    Dex: 17    Spells: 17/25 levels left

rFire    . . .     SeeInvis +   a - +9 sword of Zonguldrok {reap}
rCold    . . .     Gourm    .   U - +0 buckler
rNeg     . . .     Faith    .   (helmet restricted)
rPois    .         Spirit   .   E - +5 amulet of reflection
rElec    .         Reflect  +   N - ring of see invisible
rCorr    .         Harm     .   r - ring of wizardry
MR       .....     Rnd*Rage +   (no ring)
Stlth    +++++++...             (no ring)
Regen    0.3/turn               (no ring)
MPRegen  0.2/turn               (no ring)
                                (no ring)
                                (no ring)

@: gold aura
A: almost no armour, stealthy swim, amphibious, 8 rings, constrict 8, camouflage
1, see invisible, berserk 1, gelatinous body 1
a: Potion Petition, Call Merchant, Bribe Branch, Renounce Religion


You were on level 1 of the Orcish Mines.
You worshipped Gozag.
Gozag was pleased with you.
You were very full.

You visited 3 branches of the dungeon, and saw 14 of its levels.
You also visited: Bailey.

You collected 3727 gold pieces.
You spent 2160 gold pieces at shops.
You paid 706 gold pieces to Gozag.

Inventory:

Hand Weapons
 a - the +9 sword of Zonguldrok (weapon) {reap}
   (You bought it in a shop on level 5 of the Dungeon)

   If a monster killed with it leaves a corpse in good enough shape, the corpse
   will be animated as a zombie friendly to the killer.
 j - a +5 hunting sling
 k - a +5 demon trident
 u - a +1 long sword of holy wrath
 G - a +2 short sword of electrocution
 J - a +5 spear of venom
 P - a +2 short sword of venom
Missiles
 l - 12 curare-tipped needles
 m - 119 sling bullets
 n - 270 stones (quivered)
Armour
 D - a +2 large shield
 U - a +0 buckler (worn)
Jewellery
 r - a ring of wizardry (right tentacle)
 E - a +5 amulet of reflection (around mantle)
 F - an uncursed amulet of magic regeneration
 N - a ring of see invisible (left tentacle)
Wands
 b - a wand of digging (16/24)
 c - a wand of enslavement (0/24)
 d - a wand of random effects (0/48)
 f - a wand of confusion (17/48)
 g - a wand of flame (0/48)
 h - a wand of confusion (0/48)
 o - a wand of disintegration (13/24)
 B - a wand of clouds (2/9)
 C - a wand of digging (9/24)
 H - a wand of confusion (26/48)
 S - a wand of iceblast (9/15)
Scrolls
 q - a scroll of silence
 s - 3 scrolls of teleportation
 x - a scroll of fear
 A - a scroll of magic mapping
 I - 2 scrolls of amnesia
 L - 2 scrolls of immolation
 O - 4 scrolls of remove curse
 R - 2 scrolls of summoning
Potions
 e - 2 potions of curing
 i - 3 potions of agility
 p - a potion of berserk rage
 z - 2 potions of might
 M - 2 potions of heal wounds
 Q - a potion of invisibility
Books
 w - a book of Minor Magic

   Spells                             Type                      Level
   a - Magic Dart                     Conjuration                  1
   b - Blink                          Translocation                2
   c - Call Imp                       Summoning                    2
   d - Slow                           Hexes                        2
   e - Conjure Flame                  Conjuration/Fire             3
   f - Mephitic Cloud                 Conjuration/Poison/Air       3
 y - a book of Geomancy

   Spells                             Type                      Level
   a - Sandblast                      Earth                        1
   b - Passwall                       Transmutation/Earth          2
   c - Stone Arrow                    Conjuration/Earth            3
   d - Petrify                        Transmutation/Earth          4
   e - Lee's Rapid Deconstruction     Earth                        5
 K - a book of Party Tricks

   Spells                             Type                      Level
   a - Summon Butterflies             Summoning                    1
   b - Apportation                    Translocation                1
   c - Lesser Beckoning               Translocation                3
   d - Tukima's Dance                 Hexes                        3
   e - Alistair's Intoxication        Transmutation/Poison         5
   f - Invisibility                   Hexes                        6
 T - a book of Debilitation

   Spells                             Type                      Level
   a - Corona                         Hexes                        1
   b - Slow                           Hexes                        2
   c - Inner Flame                    Hexes/Fire                   3
   d - Portal Projectile              Hexes/Translocation          3
   e - Cause Fear                     Hexes                        4
   f - Leda's Liquefaction            Hexes/Earth                  4
 V - a book of Changes

   Spells                             Type                      Level
   a - Beastly Appendage              Transmutation                1
   b - Sticks to Snakes               Transmutation                2
   c - Spider Form                    Transmutation/Poison         3
   d - Ice Form                       Ice/Transmutation            4
   e - Blade Hands                    Transmutation                5
Comestibles
 t - 8 fruits
 v - a meat ration


   Skills:
 - Level 5.4 Fighting
 - Level 1.0(1.7) Short Blades
 * Level 2.2(2.3) Long Blades
 - Level 1.9 Polearms
 * Level 6.3 Slings
 + Level 6.3 Dodging
 - Level 13.3 Stealth
 * Level 6.2 Shields
 - Level 7.0 Spellcasting
 - Level 3.0 Conjurations
 - Level 3.0 Air Magic
 - Level 3.2 Poison Magic
 - Level 9.1 Evocations


You had 17 spell levels left.
You knew the following spells:

 Your Spells              Type           Power        Failure   Level  Hunger
a - Mephitic Cloud        Conj/Pois/Air  ##......     6%          3    ##.....
b - Conjure Flame         Conj/Fire      #.......     10%         3    ##.....
c - Blink                 Tloc           N/A          10%         2    #......


Dungeon Overview and Level Annotations

Branches:
Dungeon (12/15)            Temple (1/1) D:6            Lair (0/6) D:9
    Orc (1/2) D:12

Altars:
Ashenzari
Elyvilon
Fedhas
Gozag
Hepliaklqana
Makhleb
Ru
Sif Muna
Uskayaw
Xom
Zin
The Shining One

Shops:
D:5 (   D:9 }   D:10 ?

Annotations:
D:12 exclusion: fire elemental


Innate Abilities, Weirdness & Mutations

You cannot wear most types of armour.
You are very stealthy in the water. (Stealth+)
You are amphibious.
You can wear up to eight rings at the same time.
You can use your tentacles to constrict eight enemies at once.
Your skin changes colour to match your surroundings (Stealth+).
Your rubbery body absorbs attacks. (AC +1, EV +1)
You have supernaturally acute eyesight. (SInv)
You tend to lose your temper in combat.


Message History

The orc is distracted by the nearby gold.
The orc moves out of view.
An orc and a troll come into view.
An orc wizard comes into view. It is wielding a dagger.
The orc wizard moves out of view.
Found 23 gold pieces.
Unknown command.
An orc comes into view.
Things that are here:
13 gold pieces; a giant spiked club The orc is distracted by the nearby gold.
The stone giant throws a large rock.
The large rock hits you!!!
Ouch! That really hurt!
* * * LOW HITPOINT WARNING * * *
You see here a large rock.
You feel much better.
The stone giant throws a large rock.
The large rock hits you!!!
Ouch! That really hurt!
You die...
Your body crumbles into a pile of gold. oo

.......................###.. .
#o##.o#........................
.. oC.......$....................
.. ...$..........#.....#...#....
..#o#C#.#....>.........##........
.....o#.##..............##.......
#......##............####......
#....#.##......$.......#....##.#
##.#$##.#..$..(@......#....##...
$##......C.......#..##......##.#
#...#......##....#####.##.####.
##.##...$..###....# ###### #..
###...$...# ###.## ##. #$......#
### ## #....#..## ##......#
##.##.##


You could see a stone giant.

Vanquished Creatures
  Josephine (D:10)
  A centaur warrior (D:9)
  A two-headed ogre (D:8)
  Urug (D:11)
  Nergalle (D:11)
  The ghost of mora the Cleaver, a novice DsCK of Xom (D:7)
  An unseen horror (D:10)
  2 orc knights (Bailey)
  An ugly thing (D:11)
  Maurice (D:11)
  A gargoyle (D:12)
  2 komodo dragons
  A troll (D:12)
  A hippogriff (D:7)
  6 wraiths
  2 wyverns (D:9)
  Eustachio (D:4)
  12 yaks
  A steam dragon (D:9)
  The ghost of M4edhros the Covert, an amateur OpAr (D:4)
  A water moccasin (D:6)
  4 ice beasts
  A sky beast (D:10)
  17 orc warriors
  4 phantoms
  5 ogres
  2 centaurs
  A crocodile (D:9)
  The ghost of runewalsh the Chiller, an amateur OpIE (D:3)
  7 bullfrogs
  2 big kobolds
  A gnoll sergeant (D:7)
  2 wyvern skeletons
  5 scorpions
  3 wights (D:7)
  A howler monkey (D:8)
  A crimson imp (D:5)
  2 bullfrog zombies
  2 quasits
  3 jellies
  2 centaur zombies
  5 hounds
  2 bullfrog skeletons
  6 orc priests
  16 orc wizards
  Jessica (D:2)
  3 iguanas
  Natasha (twice) (D:2)
  8 worker ants
  4 hound skeletons
  2 worker ant zombies
  Robin (D:2)
  13 gnolls
  5 adders
  A shadow imp (D:5)
  An adder skeleton (D:4)
  An adder zombie (D:6)
  A worm (D:6)
  3 dart slugs
  3 leopard geckos
  73 orcs
  3 ball pythons
  3 giant cockroaches
  18 goblins
  8 hobgoblins
  9 jackals
  17 kobolds
  5 quokkas
  12 bats
  3 frilled lizards
  2 quokka skeletons
  8 rats
345 creatures vanquished.

Vanquished Creatures (collateral kills)
  3 yaks (D:9)
  A bullfrog (D:9)
  A hound (D:9)
  An adder (D:9)
  4 orcs (Bailey)
10 creatures vanquished.

Vanquished Creatures (others)
  2 yaks (D:9)
  An orc warrior (Bailey)
  3 worker ants
  An orc (Bailey)
  A jackal (D:3)
8 creatures vanquished.

Grand Total: 363 creatures vanquished

Notes
Turn   | Place    | Note
-------+----------+-------------------------------------------
     0 | D:1      | M4edhros the Octopode Artificer began the quest for the Orb.
     0 | D:1      | Reached XP level 1. HP: 13/13 MP: 3/3
   206 | D:2      | Reached skill level 2 in Stealth
   222 | D:2      | Reached skill level 3 in Stealth
   222 | D:2      | Reached XP level 2. HP: 13/18 MP: 4/4
   475 | D:3      | Found an opulent altar of Gozag.
   594 | D:3      | Noticed runewalsh's ghost (amateur OpIE)
   658 | D:3      | Noticed a phantom
   688 | D:2      | Found a shattered altar of Ashenzari.
   744 | D:3      | Became a worshipper of Gozag Ym Sagoz the Greedy
   901 | D:1      | Reached skill level 4 in Stealth
  1141 | D:1      | Reached XP level 3. HP: 19/23 MP: 5/5
  1803 | D:2      | Reached skill level 5 in Stealth
  1849 | D:2      | Noticed Jessica
  1971 | D:2      | Killed Jessica
  1971 | D:2      | Reached XP level 4. HP: 13/28 MP: 6/6
  2206 | D:2      | Noticed Robin
  2325 | D:2      | Reached skill level 6 in Stealth
  2533 | D:2      | Noticed Natasha
  2536 | D:2      | Killed Natasha
  2599 | D:2      | Reached XP level 5. HP: 29/33 MP: 7/7
  2610 | D:2      | Killed Robin
  2623 | D:2      | Noticed Natasha
  2632 | D:2      | Killed Natasha
  2632 | D:2      | Reached skill level 7 in Stealth
  3069 | D:3      | Killed a phantom
  3069 | D:3      | Reached skill level 8 in Stealth
  3069 | D:3      | Reached XP level 6. HP: 15/38 MP: 8/8
  3529 | D:3      | Killed runewalsh's ghost
  3529 | D:3      | Reached skill level 9 in Stealth
  3821 | D:3      | Reached skill level 10 in Stealth
  3893 | D:3      | Reached XP level 7. HP: 43/43 MP: 9/9
  4150 | D:4      | Noticed M4edhros's ghost (amateur OpAr)
  4223 | D:4      | Noticed Eustachio
  4229 | D:4      | Killed Eustachio
  4244 | D:4      | Learned a level 3 spell: Mephitic Cloud
  4280 | D:4      | Killed M4edhros's ghost
  4461 | D:4      | Reached skill level 1 in Poison Magic
  4467 | D:4      | Found a blossoming altar of Fedhas.
  4800 | D:4      | Found a sacrificial altar of Ru.
  4836 | D:4      | Reached skill level 11 in Stealth
  4930 | D:4      | Reached skill level 1 in Conjurations
  4930 | D:4      | Reached XP level 8. HP: 48/48 MP: 10/10
  5040 | D:4      | Found a deep blue altar of Sif Muna.
  5150 | D:5      | Entered Level 5 of the Dungeon
  5150 | D:5      | Noticed a troll
  5184 | D:5      | Reached skill level 1 in Slings
  5184 | D:5      | Reached skill level 1 in Air Magic
  5250 | D:5      | Reached skill level 1 in Spellcasting
  5791 | D:5      | Found a burning altar of Makhleb.
  5791 | D:5      | Noticed a balrug
  6313 | D:6      | Found a sacrificial altar of Ru.
  6414 | D:6      | Reached skill level 1 in Shields
  6548 | D:6      | Reached XP level 9. HP: 26/54 MP: 12/12
  6701 | D:6      | Found a staircase to the Ecumenical Temple.
  6764 | Temple   | Entered the Ecumenical Temple
  6965 | D:6      | Reached skill level 5 in Evocations
  7338 | D:7      | Noticed mora's ghost (novice DsCK)
  7369 | D:7      | Killed mora's ghost
  8044 | D:7      | Found a white marble altar of Elyvilon.
  8044 | D:7      | Found a glowing golden altar of the Shining One.
  8045 | D:7      | Found a glowing silver altar of Zin.
  8050 | D:7      | Learned a level 3 spell: Conjure Flame
  8053 | D:7      | Learned a level 2 spell: Blink
  8929 | D:8      | Noticed a two-headed ogre
  8949 | D:8      | Killed a two-headed ogre
  8949 | D:8      | Reached skill level 12 in Stealth
  8949 | D:8      | Reached XP level 10. HP: 63/63 MP: 14/16
  8967 | D:8      | Found a hazy altar of Hepliaklqana.
  8968 | D:8      | Found a shimmering altar of Xom.
  8968 | D:8      | Noticed a tentacled monstrosity
  8969 | D:8      | Noticed a tentacled monstrosity
  8969 | D:8      | Noticed a spectral ugly thing
  9913 | D:9      | Found a flagged portal.
 10042 | Bailey   | Entered a bailey
 10493 | Bailey   | Noticed an orc knight
 10495 | Bailey   | Noticed an orc knight
 10533 | Bailey   | Killed an orc knight
 10534 | Bailey   | Reached skill level 5 in Spellcasting
 10587 | Bailey   | Killed an orc knight
 10587 | Bailey   | Reached XP level 11. HP: 39/70 MP: 7/19
 10813 | D:9      | Found Xuoqisot's Gadget Boutique.
 10847 | D:9      | Found a shattered altar of Ashenzari.
 10904 | D:9      | Identified a scroll of acquirement
 10936 | D:9      | Found a hide-covered altar of Uskayaw.
 11052 | D:9      | Found a staircase to the Lair.
 11194 | D:9      | Reached skill level 5 in Dodging
 11422 | D:9      | Reached skill level 5 in Fighting
 11944 | D:9      | Noticed a centaur warrior
 11960 | D:9      | Killed a centaur warrior
 12125 | D:10     | Entered Level 10 of the Dungeon
 12308 | D:10     | Found Cuup's Magic Scroll Boutique.
 12389 | D:10     | Noticed Josephine
 12848 | D:10     | Reached skill level 13 in Stealth
 12909 | D:10     | Killed Josephine
 13533 | D:10     | Reached skill level 5 in Shields
 13534 | D:10     | Reached skill level 5 in Slings
 13675 | D:11     | Noticed a red ugly thing
 13700 | D:11     | Killed a red ugly thing
 13757 | D:11     | Noticed Urug
 13763 | D:11     | Gained mutation: You are dopey. (Int -2) [potion of mutation]
 13763 | D:11     | Gained mutation: You are clumsy. (Dex -2) [potion of mutation]
 13763 | D:11     | Gained mutation: You are very clumsy. (Dex -4) [potion of mutation]
 13763 | D:11     | Gained mutation: You are partially covered in molten scales. (AC +2) [potion of mutation]
 13764 | D:11     | Lost mutation: You are very clumsy. (Dex -4) [potion of mutation]
 13764 | D:11     | Lost mutation: You are dopey. (Int -2) [potion of mutation]
 13764 | D:11     | Lost mutation: You are partially covered in molten scales. (AC +2) [potion of mutation]
 13764 | D:11     | Lost mutation: You are clumsy. (Dex -2) [potion of mutation]
 13764 | D:11     | Gained mutation: You evolve. [potion of mutation]
 13764 | D:11     | Gained mutation: You tend to lose your temper in combat. [potion of mutation]
 13764 | D:11     | Lost mutation: You evolve. [potion of mutation]
 13764 | D:11     | Gained mutation: You have supernaturally acute eyesight. (SInv) [potion of mutation]
 13770 | D:11     | Killed Urug
 13770 | D:11     | Reached XP level 12. HP: 77/77 MP: 22/22
 14176 | D:11     | Reached skill level 1 in Polearms
 14193 | D:11     | Noticed Nergalle
 14207 | D:11     | Killed Nergalle
 14211 | D:11     | Noticed Maurice
 14453 | D:11     | Killed Maurice
 14748 | D:5      | Bought the +9 sword of Zonguldrok {reap} for 2160 gold pieces
 14949 | D:12     | Found a staircase to the Orcish Mines.
 15112 | D:12     | Reached skill level 1 in Long Blades
 15628 | Orc:1    | Entered Level 1 of the Orcish Mines
 15818 | Orc:1    | Noticed a stone giant
 15829 | Orc:1    | HP: 3/77 [stone giant/large rock (41)]
 15831 | Orc:1    | Hit by a large rock thrown by a stone giant

Vault maps used:
D:1:      nagdon_arrival_double_spiral
D:2:      evilmike_ruin_ashenzari, kennysheep_nondescript, uniq_robin,
          uniq_natasha, uniq_jessica
D:3:      nicolae_gozag_seed_capital, first_bread, minivault_5,
          dk_noncrumbling_4
D:4:      kennysheep_mini, kennysheep_little_box, led_sif_pool, uniq_eustachio
D:5:      makhleb_altar_promises_db
D:6:      lemuel_temple_firewalk_b, zaba_anthole, hangedman_ru_absence
D:7:      good_gods_temple_1
D:8:      regret_index_temple_of_mockery
D:9:      eat_drink_and_be_merry_uskayaw, erik_lair_dragon, basic_altar,
          serial_shops, nicolae_shop_window_shopping, enter_bailey_3
D:10:     serial_shops, nicolae_shop_behind_doors, uniq_josephine
D:11:     uniq_maurice, uniq_nergalle, uniq_urug
D:12:     orc_david_3, uniq_azrael
Temple:   jpeg_temple_alley_garden
Orc:1:    uniq_erica
Bailey:   bailey_polearm_5, bailey

Skill      XL: |  1  2  3  4  5  6  7  8  9 10 11 12 |
---------------+-------------------------------------+-----
Stealth        | 3 4 5 6 8 10 11 12 13 | 13.3
Poison Magic   | 1 2 3 |  3.2
Conjurations   | 1 2 3 |  3.0
Slings         | 2 5 6 |  6.3
Air Magic      | 2 3 |  3.0
Evocations     | 4 6 8 9 |  9.1
Spellcasting   | 2 4 5 7 |  7.0
Fighting       | 2 3 4 5 |  5.4
Dodging        | 3 4 5 6 |  6.3
Shields        | 1 3 5 6 |  6.2
Polearms       | 1 |  1.9
Long Blades    | 2 |  2.2
Short Blades   | |  1.0

Action                   |  1- 3 |  4- 6 |  7- 9 | 10-12 || total
-------------------------+-------+-------+-------+-------++-------
Melee: Short sword       |    73 |   121 |   265 |    55 ||   514
       Constrict         |    14 |    32 |    63 |    69 ||   178
       Tentacles         |     8 |    33 |    63 |    92 ||   196
       Spear             |       |       |    23 |   322 ||   345
       Double sword      |       |       |       |    68 ||    68
       Demon trident     |       |       |       |    58 ||    58
 Fire: Hunting sling     |       |       |       |    98 ||    98
Throw: Stone             |       |       |       |    14 ||    14
 Cast: Mephitic Cloud    |       |       |       |    14 ||    14
Invok: Call Merchant     |       |       |     1 |       ||     1
Evoke: Wand              |       |    32 |    33 |    34 ||    99
  Use: Scroll            |     3 |     2 |     3 |    23 ||    31
       Potion            |       |     1 |     2 |    15 ||    18
 Stab: Sleeping          |     8 |     7 |    14 |    18 ||    47
       Confused          |       |     1 |    13 |    19 ||    33
       Distracted        |       |     1 |     2 |     5 ||     8
       Paralysed         |       |     1 |       |       ||     1
  Eat: Royal jelly       |     2 |       |     1 |     2 ||     5
       Bread ration      |       |     1 |     4 |     1 ||     6
       Meat ration       |       |       |       |     4 ||     4
Armor: Skin              |    12 |    15 |    16 |    20 ||    63
Dodge: Dodged            |    47 |    97 |   165 |   138 ||   447
Block: Large shield      |       |       |       |   268 ||   268
       Reflection        |       |       |       |     5 ||     5
       Buckler           |       |       |       |    13 ||    13
       Rpst.: Double sword |       |       |       |     5 ||     5
